 Dungeon Crawl Stone Soup version 0.19.1 (webtiles) character file.

128 kae the Insei (level 4, -1/37 HPs)
             Began as a Demonspawn Monk on Dec 19, 2016.
             Slain by Grinder (6 damage)
             ... on level 3 of the Dungeon.
             The game lasted 00:02:30 (2069 turns).

kae the Insei (Demonspawn Monk)                     Turns: 2069, Time: 00:02:31

Health: -1/37      AC:  2    Str: 11    XL:     4   Next: 86%
Magic:  4/4        EV: 15    Int: 12    God:
Gold:   108        SH:  0    Dex: 16    Spells: 0 memorised, 3 levels left

rFire  . . .     SeeInvis .     k - +2 whip (venom)
rCold  . . .     Gourm    .     a - +0 robe
rNeg   . . .     Faith    .     (no shield)
rPois  .         Spirit   .     (no helmet)
rElec  .         Reflect  .     (no cloak)
rCorr  .         Harm     .     (no gloves)
MR     +....                    (no boots)
Stlth  ++........               (no amulet)
                                i - ring of protection from magic
                                h - +1 ring of evasion

@: no status effects
A: demonic guardian 1
a: no special abilities


You were on level 3 of the Dungeon.
You were not hungry.

You visited 1 branch of the dungeon, and saw 3 of its levels.

You collected 108 gold pieces.

Inventory:

Hand Weapons
 k - a +2 whip of venom (weapon)
Armour
 a - a +0 robe (worn)
Jewellery
 h - a +1 ring of evasion (left hand)
 i - a ring of protection from magic (right hand)
 p - a cursed -5 ring of strength {unknown}
Wands
 m - a wand of paralysis (15/24)
Scrolls
 c - a scroll of amnesia {unknown}
 d - a scroll of fog {unknown}
 e - 2 scrolls of enchant weapon {unknown}
 j - a scroll of teleportation {unknown}
 l - 2 scrolls of identify
 n - a scroll of immolation {unknown}
Potions
 g - a potion of curing
 o - a potion of agility {unknown}
Comestibles
 b - a bread ration
 f - 2 meat rations


   Skills:
 + Level 3.7 Fighting
 + Level 3.5 Dodging
 - Level 1.7 Stealth
 * Level 4.0 Unarmed Combat


You had 3 spell levels left.
You didn't know any spells.

Dungeon Overview and Level Annotations

Branches:
Dungeon (3/15)

Altars:

Annotations:
D:3 Grinder


Innate Abilities, Weirdness & Mutations

A weak demonic guardian rushes to your aid.


Message History

Your ufetubus hits Grinder but does no damage.
Your ufetubus barely misses Grinder.
Grinder gestures at you.
You easily resist.
Your ufetubus hits Grinder but does no damage. x2
Grinder hits you.
* * * LOW HITPOINT WARNING * * *
You writhe in agony.
* * * LOW HITPOINT WARNING * * *
You barely miss Grinder.
Grinder is severely wounded.
Your ufetubus hits Grinder.
Your ufetubus hits Grinder but does no damage.
Grinder barely misses your ufetubus.
You closely miss Grinder.
Grinder is severely wounded.
Your ufetubus barely misses Grinder.
Your ufetubus closely misses Grinder.
Your ufetubus completely misses Grinder.
Your ufetubus hits Grinder. Grinder hits you.
You die...

#.# ### #.# .# ...
#.# ..# #.# #.# ..# #
#.# #.# ...#.# #.#
##.###..... #.#
##....?.....
####.###.)...#.####
#........###@5.#
#.##.##..# #5.....#
#.##.##..# #...##...
## #.##..$........#
##
.####.#####.#..!....
.....))..##.###.#..##
##...)).............
#.####...###.#......
#.###...#.##


You could see Grinder and a friendly ufetubus.

Vanquished Creatures
  3 adders
  2 oozes
  A dart slug (D:2)
  A leopard gecko (D:1)
  3 giant cockroaches
  5 hobgoblins
  4 jackals
  8 kobolds
  3 quokkas (D:2)
  11 bats
  4 frilled lizards
  8 goblins
  7 rats
60 creatures vanquished.

Vanquished Creatures (collateral kills)
  An orc wizard (D:3)
  3 orcs (D:3)
4 creatures vanquished.

Grand Total: 64 creatures vanquished

Notes
Turn   | Place    | Note
-------+----------+-------------------------------------------
     0 | D:1      | kae the Demonspawn Monk began the quest for the Orb.
     0 | D:1      | Reached XP level 1. HP: 18/18 MP: 1/1
   205 | D:1      | Reached skill level 3 in Unarmed Combat
   205 | D:1      | Gained mutation: A weak demonic guardian rushes to your aid. [demonic ancestry]
   205 | D:1      | Reached XP level 2. HP: 20/24 MP: 2/2
   710 | D:1      | Reached XP level 3. HP: 28/29 MP: 3/3
  1401 | D:2      | Reached XP level 4. HP: 35/35 MP: 4/4
  1733 | D:3      | Reached skill level 4 in Unarmed Combat
  2051 | D:3      | Noticed Grinder
  2059 | D:3      | Paralysed by Grinder for 4 turns
  2069 | D:3      | Slain by Grinder

Skill      XL: |  1  2  3  4 |
---------------+-------------+-----
Unarmed Combat | 3 4 |  4.0
Dodging        | 3 |  3.5
Fighting       | |  3.7
Stealth        | |  1.7

Action                   |  1- 3 |  4- 6 || total
-------------------------+-------+-------++-------
Melee: Unarmed           |   154 |       ||   154
       Punch             |     2 |     3 ||     5
       Whip              |     8 |    49 ||    57
  Use: Potion            |     1 |     1 ||     2
       Scroll            |     1 |       ||     1
 Stab: Sleeping          |     6 |       ||     6
  Eat: Chunk             |     2 |     2 ||     4
Armor: Robe              |    29 |     4 ||    33
Dodge: Dodged            |   100 |    41 ||   141
